 Dungeon Crawl Stone Soup version 0.32-a0-391-gce5c0aa (webtiles) character file.

Game seed: 1352885568703360535

679 Nithhogg the Covered (level 7, -4/61 HPs)
             Began as a Mountain Dwarf Fighter on Feb 19, 2024.
             Slain by a gnoll
             ... wielding a +0 flail
             ... led by a gnoll sergeant
              (10 damage)
             ... on level 4 of the Dungeon.
             The game lasted 00:11:46 (4872 turns).

Nithhogg the Covered (Mountain Dwarf Fighter)       Turns: 4872, Time: 00:11:46

Health: -4/61      AC:  8    Str: 20    XL:     7   Next: 34%
Magic:  10/10      EV:  9    Int:  9    God:
Gold:   286        SH:  0    Dex:  9    Spells: 6/6 levels left

rFire   . . .        a - +1 war axe
rCold   . . .        (no shield)
rNeg    . . .        b - +1 scale mail
rPois   .            (no helmet)
rElec   .            (no cloak)
rCorr   .            (no gloves)
SInv    .            (no boots)
Will    +....        (no amulet) Stlth
                     u - ring of willpower
HPRegen 0.30/turn    (no ring)
MPRegen 0.12/turn

%: no passive effects
@: mighty
A: runic magic, artefact enchanting
a: no special abilities


You were on level 4 of the Dungeon.
You visited 1 branch of the dungeon, and saw 5 of its levels.

You collected 286 gold pieces.

Inventory:

Hand Weapons
 a - a +1 war axe (weapon)
 n - a +2 whip of flaming
 r - a +1 whip of flaming
Missiles
 m - a throwing net
 y - 5 boomerangs
Armour
 b - a +1 scale mail (worn)
 c - a +0 buckler
 l - a +0 plate armour
Jewellery
 g - a +6 ring of intelligence
 s - an amulet of the acrobat
 u - a ring of willpower (left hand)
Wands
 o - a wand of flame (7)
 t - a wand of roots (10)
 x - a wand of paralysis (4)
Scrolls
 e - 2 scrolls of blinking {unknown}
 f - a scroll of vulnerability
 i - a scroll of identify
 j - a scroll of revelation
 k - a scroll of immolation
 q - a scroll of noise {unknown}
 z - a scroll of fog {unknown}
Potions
 v - a potion of curing
 w - a potion of haste {unknown}


   Skills:
 + Level 5.5 Fighting
 + Level 5.3 Axes
 + Level 5.5 Armour
 - Level 3.2 Shields
 + Level 5.0 Invocations


You had 6 spell levels left.
You didn't know any spells.
Your spell library contained the following spells:

 Spells                   Type           Power      Damage    Failure   Level
 Call Imp                 Summ           0%         N/A       61%         2
 Sublimation of Blood     Necr           0%         N/A       61%         2
 Summon Hydra             Summ           0%         N/A       100%        7


Dungeon Overview and Level Annotations

Branches:
Dungeon (5/15)
 Temple: D:4-7

Altars:
Wu Jian

Shops:
D:3 =


Innate Abilities, Weirdness & Mutations

Your spellcasting is much less encumbered by armour.
You can use scrolls of enchantment on lesser artefacts.


Message History

You assume a fearsome visage.
The gnoll sergeant resists with some effort.
The gnoll looks frightened!
The gnoll sergeant hits you from afar with a +0 spear!
The gnoll sergeant attacks as it pursues you!
The gnoll sergeant hits you from afar with a +0 spear!
* * * LOW HITPOINT WARNING * * *
The gnoll sergeant attacks as it pursues you!
The gnoll sergeant hits you from afar with a +0 spear.
* * * LOW HITPOINT WARNING * * *
The gnoll sergeant attacks as it pursues you!
The gnoll sergeant hits you from afar with a +0 spear.
* * * LOW HITPOINT WARNING * * *
The gnoll sergeant attacks as it pursues you!
The gnoll sergeant barely misses you.
The gnoll sergeant attacks as it pursues you!
The gnoll sergeant hits you from afar with a +0 spear.
* * * LOW HITPOINT WARNING * * *
The gnoll seems to regain its courage.
The gnoll barely misses you.
There is a stone staircase leading up here.
There are monsters nearby!
The gnoll hits you with a +0 flail.
* * * LOW HITPOINT WARNING * * *
You climb upwards.
There is a stone staircase leading down here.
It was a potion of curing.
You feel better. The gnoll hits you with a +0 flail!
* * * LOW HITPOINT WARNING * * *
You feel very mighty all of a sudden. The gnoll hits you but does no damage.
You slash the gnoll!
The gnoll is severely wounded.
The gnoll hits you but does no damage.
You barely miss the gnoll.
The gnoll is severely wounded.
The gnoll completely misses you. The gnoll hits you but does no damage.
You barely miss the gnoll.
The gnoll is severely wounded.
The gnoll hits you with a +0 flail!
You die...

......#..##...#...##.....#......#
...#..##.##..##...#............##
.......#.#......).##.......#.###
...(..............##.##...####
.....#............##..#..##
.........#........#..(#.###
.....##..##.#....[........#
....####....####.รท......###
##...####....# #@......##
........###.####.g..>.##
...............#.......##
....#..#.........#.#....#
....#..#...##....####..##
.......###.###........##
...........###........#
............##..##.####
...............##....#


You could see a gnoll.

Vanquished Creatures
  A yak (D:3)
  A phantom (D:4)
  A bombardier beetle (D:4)
  A hound (D:5)
  2 orc priests
  2 orc wizards
  5 adders
  8 gnolls
  2 dart slugs
  2 ribbon worms (D:2)
  5 orcs
  6 ball pythons
  5 endoplasms
  3 giant cockroaches
  7 goblins
  5 hobgoblins
  4 jackals (D:2)
  3 quokkas
  5 bats
  6 kobolds
  26 rats
100 creatures vanquished.

Notes
Turn   | Place    | Note
-------+----------+-------------------------------------------
     0 | D:1      | Nithhogg the Mountain Dwarf Fighter began the quest for the
                  | Orb.
     0 | D:1      | Reached XP level 1. HP: 19/19 MP: 1/1
   114 | D:1      | Reached skill level 1 in Invocations
   114 | D:1      | Reached XP level 2. HP: 23/26 MP: 2/2
  1038 | D:2      | Reached XP level 3. HP: 30/33 MP: 4/4
  1557 | D:2      | Reached XP level 4. HP: 40/40 MP: 5/5
  2167 | D:2      | Reached XP level 5. HP: 46/46 MP: 7/7
  2287 | D:3      | Found Dikiuten's Jewellery Emporium.
  2781 | D:4      | Noticed a yak
  2782 | D:4      | Noticed a yak
  3311 | D:4      | Noticed a phantom
  3334 | D:4      | Killed a phantom
  3335 | D:4      | Reached XP level 6. HP: 18/53 MP: 8/8
  3691 | D:4      | Reached skill level 5 in Fighting
  3691 | D:4      | Reached skill level 5 in Armour
  3781 | D:4      | Noticed a yak
  3805 | D:3      | Killed a yak
  3806 | D:3      | Reached skill level 5 in Axes
  3806 | D:3      | Reached XP level 7. HP: 21/61 MP: 10/10
  4152 | D:5      | Entered Level 5 of the Dungeon
  4748 | D:5      | Reached skill level 5 in Invocations
  4838 | D:5      | Found an ornate altar of the Wu Jian Council.
  4872 | D:4      | Slain by a gnoll

Illustrated notes

Levels and vault maps discovered:
D:1:      spicycebolla_green_bress_n_ham_2, layout_loops_corners, minivault_25,
          minmay_box_of_dots
D:2:      layout_loops_ring, minmay_rat_hole
D:3:      layout_basic, serial_shops, nicolae_lakefront_shop
D:4:      layout_cave_pools, minmay_temple_entry_statues_pillars
D:5:      layout_loops_cross, kennysheep_little_box

Skill      XL: |  1  2  3  4  5  6  7 |
---------------+----------------------+-----
Invocations    | 1 2 3 4 5 |  5.0
Axes           | 3 4 5 |  5.3
Fighting       | 4 5 |  5.5
Armour         | 4 5 |  5.5
Shields        | |  3.2

Action                     |  1- 3 |  4- 6 |  7- 9 || total
---------------------------+-------+-------+-------++-------
  Melee: War axe           |    72 |   172 |    48 ||   292
  Throw: Dart              |       |     8 |     8 ||    16
    Use: Potion            |       |     2 |     2 ||     4
         Scroll            |       |       |     9 ||     9
 Armour: Scale mail        |    83 |   148 |    65 ||   296
  Dodge: Dodged            |    50 |    87 |    29 ||   166

Table legend: (Time is in decaauts)
 A = Elapsed time spent in this place.
 B = Non-inter-level travel time spent in this place.
 C = Inter-level travel time spent in this place.
 D = Time resting spent in this place.
 E = Time spent auto-exploring this place.
 F = Levels seen in this place.
 G = Mean time per level.
                   A        B        C        D        E       F      G
               +--------+--------+--------+--------+--------+-----+--------+
         Total |   4976 |   4784 |    192 |    829 |   2993 |   5 |  995.2 |
       Dungeon |   4976 |   4784 |    192 |    829 |   2993 |   5 |  995.2 |
               +--------+--------+--------+--------+--------+-----+--------+

Top non-repeatable levels by time:
     D:3: 1425 daAuts
     D:2: 1143 daAuts
     D:4: 1064 daAuts
     D:1: 998 daAuts
     D:5: 345 daAuts
